 Dungeon Crawl Stone Soup version 0.29.0-11-gd7f09526c8 (webtiles) character file.

Game seed: 14556508002241144744

42054 xian the Covert (level 13, -13/108 HPs)
             Began as a Demonspawn Delver on Sept 7, 2022.
             Was an Elder of Nemelex Xobeh.
             Mangled by a komodo dragon (20 damage)
             ... on level 4 of the Lair of Beasts.
             The game lasted 01:04:23 (17872 turns).

xian the Covert (Demonspawn Delver)                Turns: 17872, Time: 01:04:25

Health: -13/108    AC: 24    Str: 17    XL:     13   Next: 83%
Magic:  11/11      EV: 15    Int: 11    God:    Nemelex Xobeh [****..]
Gold:   731        SH:  5    Dex: 22    Spells: 12/12 levels left

rFire   + + .      SeeInvis .   a - +11 hand axe "Omeit" {speed, *Noise +Blink rPois rF+}
rCold   . . .      Faith    .   K - orb {*Rage}
rNeg    . . .      Spirit   .   X - +2 chain mail {rF+}
rPois   +          Reflect  +   (helmet unavailable)
rElec   .          Harm     .   V - +2 cloak {Will+}
rCorr   .          Rampage  .   N - +2 pair of gloves
Will    +....      Clarity  +   S - +0 pair of boots of True Grit {Dex+6}
Stlth   +++.......              C - amulet of reflection
HPRegen 0.28/turn               R - +4 ring of protection
MPRegen 0.12/turn               l - +4 ring of slaying

@: no status effects
A: horns 3, demonic guardian 1, robust 1, spiny 2, sturdy frame 2, clarity, low
MP 1
a: Renounce Religion, Evoke Blink, Draw Escape, Draw Destruction, Draw
Summoning, Triple Draw, Deal Four


You were on level 4 of the Lair of Beasts.
You worshipped Nemelex Xobeh.
Nemelex Xobeh was greatly pleased with you.
You visited 2 branches of the dungeon, and saw 16 of its levels.
You also visited: Volcano.

You collected 2008 gold pieces.
You spent 1277 gold pieces at shops.

Inventory:

Hand Weapons
 a - the +11 hand axe "Omeit" (weapon) {speed, *Noise +Blink rPois rF+}
   (You found it on level 3 of the Lair of Beasts)

   Attacks with this weapon are significantly faster.
   rF:        It protects you from fire.
   rPois:     It protects you from poison.
   +Blink:    It lets you blink.
   *Noise:    It may make noises in combat.
 m - a +0 longbow of flaming
Missiles
 p - a throwing net
 u - 20 poisoned darts (quivered)
 B - 3 curare-tipped darts
 O - 3 boomerangs of dispersal
Armour
 K - an orb of wrath (worn)
 N - a +2 pair of gloves (worn)
 S - the +0 pair of boots of True Grit (worn) {Dex+6}
   (You bought it in a shop on level 5 of the Dungeon)

   Dex:       It affects your dexterity (+6).
 V - a +2 cloak of willpower (worn)
 W - a +1 troll leather armour
 X - a +2 chain mail of fire resistance (worn)
Jewellery
 c - the ring of Xom's Best Wishes {Fly rCorr Int+7 Stlth-}
   (You found it in a volcano)

   [ring of resist corrosion]

   Int:       It affects your intelligence (+7).
   Fly:       It grants you flight.
   rCorr:     It protects you from acid and corrosion.
   Stlth:     It makes you less stealthy.
 l - a +4 ring of slaying (right hand)
 C - an amulet of reflection (around neck)
 R - a +4 ring of protection (left hand)
Wands
 g - a wand of digging (3)
 n - a wand of polymorph (6)
 w - a wand of flame (3)
 A - a wand of roots (13)
 E - a wand of light (19)
 L - a wand of mindburst (13)
 T - a wand of paralysis (13)
Scrolls
 b - 5 scrolls of blinking
 d - 5 scrolls of magic mapping
 e - 4 scrolls of fear
 f - a scroll of silence
 h - 5 scrolls of teleportation
 r - 2 scrolls of enchant weapon
 z - a scroll of butterflies
 F - a scroll of brand weapon
 I - 4 scrolls of immolation
 P - a scroll of summoning
Potions
 i - 3 potions of heal wounds
 j - 5 potions of curing
 k - 3 potions of cancellation {unknown}
 o - 2 potions of flight {unknown}
 q - 3 potions of berserk rage {unknown}
 s - 3 potions of brilliance {unknown}
 t - 6 potions of haste
 v - 2 potions of mutation
 D - a potion of lignification {unknown}
 M - 3 potions of invisibility {unknown}
 U - 4 potions of might
 Y - 2 potions of resistance {unknown}
Miscellaneous
 x - a box of beasts (inert)
 Q - a box of beasts (inert)


   Skills:
 + Level 8.3 Fighting
 + Level 9.7 Short Blades
 + Level 3.2 Axes
 * Level 9.9 Throwing
 + Level 7.4 Armour
 + Level 9.4 Dodging
 + Level 10.8 Stealth
 + Level 6.1 Shields


You had 12 spell levels left.
You didn't know any spells.
Your spell library contained the following spells:

 Spells                   Type           Power      Damage    Failure   Level
 Sandblast                Erth           0%         2d4       78%         1
 Shock                    Conj/Air       0%         1d3       78%         1
 Passwall                 Tmut/Erth      0%         N/A       89%         2
 Sublimation of Blood     Necr           0%         N/A       89%         2
 Conjure Flame            Conj/Fire      0%         6-21      98%         3
 Dazzling Flash           Conj/Hex       0%         N/A       98%         3
 Gell's Gravitas          Tloc           0%         N/A       98%         3
 Ignite Poison            Fire/Tmut/Pois 0%         N/A       98%         3
 Lesser Beckoning         Tloc           0%         N/A       98%         3
 Mephitic Cloud           Conj/Pois/Air  0%         N/A       98%         3
 Stone Arrow              Conj/Erth      0%         3d7       98%         3
 Swiftness                Air            0%         N/A       98%         3
 Teleport Other           Tloc           0%         N/A       98%         3
 Airstrike                Air            0%         2d(0-16)  100%        4
 Iskenderun's Mystic Bla  Conj/Tloc      0%         2d3       100%        4
 Petrify                  Tmut/Erth      0%         N/A       100%        4
 Sticky Flame             Conj/Fire      0%         2d3       100%        4
 Summon Lightning Spire   Summ/Air       0%         N/A       100%        4
 Freezing Cloud           Conj/Ice/Air   0%         6-21      100%        5
 Irradiate                Conj/Tmut      0%         3d11      100%        5
 Lightning Bolt           Conj/Air       0%         1d11      100%        5
 Metabolic Englaciation   Hex/Ice        0%         N/A       100%        5
 Dispersal                Tloc           0%         N/A       100%        6
 Starburst                Conj/Fire      0%         6d3       100%        6
 Statue Form              Tmut/Erth      0%         N/A       100%        6


Dungeon Overview and Level Annotations

Branches:
Dungeon (12/15)            Temple (0/1) D:7            Lair (4/5) D:8
 Shoals (0/4) Lair:3       Spider (0/4) Lair:3          Orc (0/2) D:11
Volcano (visited)
  Slime: Lair:4-5

Altars:
Cheibriados
Dithmenos
Fedhas
Gozag
Hepliaklqana
Makhleb
Nemelex Xobeh
Okawaru
Ru
Trog
Vehumet
Wu Jian

Shops:
D:2 [   D:4 !   D:5 [   D:10 [   D:11 [

Annotations:
D:11 Erica


Innate Abilities, Weirdness & Mutations

You have a pair of large horns on your head.
A weak demonic guardian rushes to your aid.
You are robust. (+10% HP)
You are mostly covered in sharp spines.
Your movements are less encumbered by armour. (ER -4)
You possess an exceptional clarity of mind.
Your magical capacity is low. (-10% MP)


Message History

The death yak is almost dead.
You chop one of the six-headed hydra's heads off!
The five-headed hydra grows two more!
You slash the seven-headed hydra! Something gores your ice devil!
The death yak completely misses you.
The death yak gores your ice devil but does no damage.
Your ice devil hits the death yak!
Your ice devil freezes the death yak!
The seven-headed hydra barely misses you. x2
The seven-headed hydra bites you.
* * * LOW HITPOINT WARNING * * *
A demonic guardian appears!
The seven-headed hydra bites you but does no damage. x2
The seven-headed hydra bites you.
* * * LOW HITPOINT WARNING * * *
The seven-headed hydra bites you.
* * * LOW HITPOINT WARNING * * *
The seven-headed hydra attacks as you move away!
The seven-headed hydra is struck by your spines.
The seven-headed hydra bites you but does no damage.
The seven-headed hydra barely misses you.
The seven-headed hydra misses you.
The seven-headed hydra bites you but does no damage.
The seven-headed hydra bites you.
* * * LOW HITPOINT WARNING * * *
The seven-headed hydra bites you.
* * * LOW HITPOINT WARNING * * *
The seven-headed hydra bites you but does no damage.
The death yak gores your ice devil. Something barely misses your ice devil.
Your ice devil hits the death yak.
Your ice devil freezes the death yak!
The death yak attacks as you move away! The death yak misses you.
Your surroundings suddenly seem different.
A komodo dragon and 3 yaks come into view.
Found 6 gold pieces.
The helpless komodo dragon fails to defend itself.
You hit the komodo dragon but do no damage.
You headbutt the komodo dragon.
The komodo dragon is lightly wounded.
The komodo dragon is struck by your spines.
The komodo dragon bites you!!
You die...
Your body glows slightly and disappears.

#......
###...P..#
#........#
##........#
#.........#
##..........
.Y.#...l......#
#Y.....@......#
.Y###.........#
##..$......
##..#..P##
.##.....# #
##.#.P . . ..


You could see a komodo dragon and 3 yaks.

Vanquished Creatures
  Harold (Lair:2)
  4 hydras
  3 boulder beetles
  4 two-headed ogres
  A death yak (Lair:4)
  Amaemon (Lair:3)
  A deep elf pyromancer (D:12)
  2 cyclopes
  A manticore (Lair:3)
  3 ugly things (D:11)
  5 centaur zombies (D:11)
  2 black mambas
  A torpor snail (Lair:1)
  9 cane toads
  2 gargoyles
  A rime drake (Lair:3)
  An unseen horror (D:12)
  8 komodo dragons
  2 polar bears
  A wind drake (Lair:3)
  4 blink frogs (Lair:1)
  A troll (D:12)
  4 dream sheep (Lair:1)
  Sigmund (D:2)
  36 yaks
  4 vampires (D:11)
  7 shadows
  4 wraiths
  3 basilisks
  Eustachio (D:4)
  5 wyverns
  5 fire bats (Volcano)
  2 vampire mosquitoes (D:11)
  A steam dragon (D:7)
  Menkaure (D:6)
  Edmund (D:4)
  An acid dragon (D:6)
  9 water moccasins
  5 orc warriors
  3 black bears
  5 centaurs
  11 wolves (Lair:4)
  A phantom (D:7)
  2 kobold brigands
  2 necrophages (D:5)
  3 bullfrogs
  6 scorpions
  5 wights (D:9)
  3 killer bees
  2 howler monkeys (D:5)
  6 lava snakes (Volcano)
  6 hounds
  2 jellies (D:6)
  8 orc priests
  A gnoll bouda (D:6)
  5 iguanas
  Natasha (thrice) (D:2)
  11 orc wizards
  5 adders
  9 gnolls
  A white imp (D:7)
  An ufetubus (D:4)
  3 worms
  6 dart slugs
  44 orcs
  4 endoplasms
  5 giant cockroaches
  9 goblins
  10 hobgoblins
  4 jackals
  21 kobolds
  3 quokkas
  9 ball pythons
  4 bats
  6 frilled lizards
  6 rats
383 creatures vanquished.

Vanquished Creatures (collateral kills)
  A hydra (Lair:3)
  An ogre mage (Volcano)
  3 two-headed ogres
  A hell knight (Volcano)
  A molten gargoyle (Volcano)
  An orange demon (Lair:3)
  A wraith (D:11)
  A centaur (D:10)
  A bullfrog (Lair:3)
  2 scorpions (Lair:3)
  A worm (Lair:3)
  An endoplasm (D:1)
  A hobgoblin (D:1)
16 creatures vanquished.

Vanquished Creatures (others)
  9 fungi
  24 plants
  4 withered plants (D:11)
37 creatures vanquished.

Grand Total: 436 creatures vanquished

Notes
Turn   | Place    | Note
-------+----------+-------------------------------------------
     0 | D:5      | xian the Demonspawn Delver began the quest for the Orb.
     0 | D:5      | Reached XP level 1. HP: 18/18 MP: 1/1
    67 | D:5      | Noticed a hound
    71 | D:5      | Noticed a scorpion
   112 | D:4      | Noticed Edmund
   150 | D:4      | Noticed a hound
   158 | D:4      | Killed a hound
   159 | D:4      | Reached skill level 5 in Stealth
   159 | D:4      | Gained mutation: A weak demonic guardian rushes to your
                  | aid. [demonic ancestry]
   159 | D:4      | Reached XP level 2. HP: 12/24 MP: 2/2
   159 | D:4      | Gained mutation: You have a pair of small horns on your
                  | head. [demonic ancestry]
   159 | D:4      | Reached XP level 3. HP: 15/29 MP: 3/3
   778 | D:2      | Noticed Sigmund
   885 | D:1      | Gained mutation: You have a pair of horns on your head.
                  | [demonic ancestry]
   885 | D:1      | Reached XP level 4. HP: 32/35 MP: 4/4
  1267 | D:1      | Found a faded altar of an unknown god.
  2202 | D:2      | Found Pyfon's Armour Emporium.
  2227 | D:2      | Killed Sigmund
  2228 | D:2      | Reached skill level 1 in Armour
  2228 | D:2      | Reached skill level 6 in Stealth
  2228 | D:2      | Gained mutation: You are partially covered in sharp spines.
                  | [demonic ancestry]
  2228 | D:2      | Reached XP level 5. HP: 26/41 MP: 5/5
  2228 | D:2      | Reached XP level 6. HP: 30/47 MP: 6/6
  2643 | D:2      | Noticed Natasha
  2668 | D:2      | Killed Natasha
  2844 | D:2      | Noticed Natasha
  2853 | D:2      | Killed Natasha
  2860 | D:2      | Noticed Natasha
  2868 | D:2      | Killed Natasha
  2927 | D:3      | Identified the +7 short sword "Citihitu" {holy, rC+}
  3305 | D:4      | Noticed Eustachio
  3319 | D:4      | Killed Eustachio
  3320 | D:4      | Reached skill level 1 in Throwing
  3320 | D:4      | Gained mutation: You have a pair of large horns on your
                  | head. [demonic ancestry]
  3320 | D:4      | Reached XP level 7. HP: 35/53 MP: 7/7
  3712 | D:4      | Found Taushrul's Distillery.
  3720 | D:4      | Bought a potion of degeneration for 14 gold pieces
  3721 | D:4      | Bought a potion of might for 56 gold pieces
  3887 | D:4      | Found an ornate altar of the Wu Jian Council.
  3894 | D:4      | Found a shadowy altar of Dithmenos.
  4248 | D:4      | Found a sparkling altar of Nemelex Xobeh.
  4251 | D:4      | Found an opulent altar of Gozag.
  4266 | D:4      | Killed Edmund
  4558 | D:4      | Became a worshipper of Nemelex Xobeh the Trickster
  4614 | D:5      | Reached XP level 8. HP: 59/60 MP: 8/8
  4633 | D:5      | Identified the +2 robe "Vuipni" {rPois Slay+2}
  4698 | D:5      | Reached skill level 7 in Stealth
  4943 | D:5      | Found Alixoty's Antique Armour Boutique.
  5409 | D:6      | Noticed Menkaure
  5425 | D:6      | Killed Menkaure
  5546 | D:6      | HP: 2/61 [poisoned by a killer bee]
  5557 | D:5      | HP: 2/61 [poisoned by a killer bee]
  6065 | D:6      | Reached skill level 5 in Armour
  6287 | D:6      | Gained mutation: Your movements are slightly less
                  | encumbered by armour. (ER -2) [demonic ancestry]
  6287 | D:6      | Reached XP level 9. HP: 66/66 MP: 9/9
  6539 | D:6      | Found a hazy altar of Hepliaklqana.
  6754 | D:7      | Found a staircase to the Ecumenical Temple.
  6882 | D:7      | Reached * piety under Nemelex Xobeh
  7006 | D:7      | Reached skill level 5 in Short Blades
  7171 | D:7      | Found a burning altar of Makhleb.
  7171 | D:7      | Found a radiant altar of Vehumet.
  7175 | D:7      | Found a bloodstained altar of Trog.
  7176 | D:7      | Found a sacrificial altar of Ru.
  7179 | D:7      | Found a snail-covered altar of Cheibriados.
  7181 | D:7      | Found an iron altar of Okawaru.
  7185 | D:7      | Found a blossoming altar of Fedhas.
  7224 | D:7      | Noticed a cyclops
  7224 | D:7      | Noticed a seven-headed hydra
  7228 | D:7      | Noticed a two-headed ogre
  7232 | D:7      | Noticed a gargoyle
  7432 | D:7      | Reached skill level 5 in Fighting
  7910 | D:7      | Noticed a five-headed hydra
  7922 | D:7      | Killed a five-headed hydra
  7923 | D:7      | Reached skill level 8 in Stealth
  7923 | D:7      | Reached skill level 1 in Shields
  7950 | D:7      | Killed a cyclops
  7951 | D:7      | Reached skill level 5 in Throwing
  8022 | D:7      | Killed a seven-headed hydra
  8023 | D:7      | Gained mutation: Your movements are less encumbered by
                  | armour. (ER -4) [demonic ancestry]
  8023 | D:7      | Reached XP level 10. HP: 48/74 MP: 10/10
  8025 | D:7      | Killed a gargoyle
  8218 | D:7      | Received a gift from Nemelex Xobeh
  8496 | D:8      | Reached skill level 5 in Dodging
  8716 | D:8      | Reached ** piety under Nemelex Xobeh
  9145 | D:8      | Received a gift from Nemelex Xobeh
  9330 | D:8      | Found a staircase to the Lair.
 10073 | D:9      | Reached XP level 11. HP: 81/81 MP: 11/11
 10396 | D:10     | Entered Level 10 of the Dungeon
 10807 | D:10     | Found Isosolin's Armour Boutique.
 10997 | D:2      | Bought a +2 cloak of willpower for 215 gold pieces
 11103 | D:4      | Bought a potion of heal wounds for 70 gold pieces
 11653 | D:11     | Identified a scroll of acquirement
 11654 | D:11     | Acquired 921 gold pieces
 11697 | D:11     | Found Qyitec's Antique Armour Shop.
 11700 | D:11     | Bought a pair of embroidered gloves for 180 gold pieces
 11833 | D:5      | Bought a pair of distressingly furry boots for 256 gold
                  | pieces
 11833 | D:5      | Identified the +0 pair of boots of True Grit {Dex+6} (You
                  | bought it in a shop on level 5 of the Dungeon)
 11840 | D:5      | Bought a glowing troll leather armour for 486 gold pieces
 11892 | D:7      | Killed a two-headed ogre
 12111 | D:11     | Noticed a two-headed ogre
 12125 | D:11     | Killed a two-headed ogre
 12126 | D:11     | Reached skill level 9 in Stealth
 12252 | D:11     | Noticed a cyan ugly thing
 12256 | D:11     | Killed a cyan ugly thing
 12258 | D:11     | Found a staircase to the Orcish Mines.
 12259 | D:11     | Noticed Erica
 12342 | D:11     | Reached *** piety under Nemelex Xobeh
 12415 | D:11     | Noticed a red ugly thing
 12423 | D:11     | Noticed a cyan ugly thing
 12459 | D:11     | Received a gift from Nemelex Xobeh
 12682 | D:11     | Killed a red ugly thing
 12690 | D:11     | Killed a red ugly thing
 12691 | D:11     | Gained mutation: You are mostly covered in sharp spines.
                  | [demonic ancestry]
 12691 | D:11     | Reached XP level 12. HP: 89/89 MP: 12/12
 13158 | D:12     | Received a gift from Nemelex Xobeh
 13164 | D:12     | Noticed a boulder beetle
 13168 | D:12     | Killed a boulder beetle
 13544 | D:12     | Reached **** piety under Nemelex Xobeh
 13555 | D:12     | Noticed a boulder beetle
 13601 | D:12     | Killed a boulder beetle
 13788 | Lair:1   | Entered Level 1 of the Lair of Beasts
 13860 | Lair:1   | Received a gift from Nemelex Xobeh
 14297 | Lair:1   | Reached skill level 10 in Stealth
 14297 | Lair:1   | Reached skill level 5 in Shields
 14916 | Lair:2   | Noticed a boulder beetle
 14920 | Lair:2   | Found a dark tunnel.
 14924 | Lair:2   | Killed a boulder beetle
 14951 | Volcano  | Entered a volcano
 15059 | Volcano  | Gained mutation: You are robust. (+10% HP) [demonic
                  | ancestry]
 15059 | Volcano  | Reached XP level 13. HP: 107/107 MP: 13/13
 15297 | Volcano  | Found a burning altar of Makhleb.
 15379 | Volcano  | Identified the ring of Xom's Best Wishes {Fly rCorr Int+7
                  | Stlth-}
 15664 | Lair:2   | Noticed Harold
 15684 | Lair:2   | Killed Harold
 15774 | Lair:2   | Received a gift from Nemelex Xobeh
 16475 | Lair:3   | Identified the +11 hand axe "Omeit" {speed, *Noise +Blink
                  | rPois rF+}
 16489 | Lair:3   | Found a staircase to the Shoals.
 16512 | Lair:3   | Noticed Amaemon
 16529 | Lair:3   | Reached skill level 1 in Axes
 16530 | Lair:3   | Killed Amaemon
 16620 | Lair:3   | Identified the +5 ring mail of the Monkey {Str+4}
 16859 | Lair:3   | Found a hole to the Spider Nest.
 17380 | Lair:3   | Gained mutation: You have large cloven feet. [potion of
                  | mutation]
 17380 | Lair:3   | Gained mutation: Your system is resistant to poisons.
                  | (rPois) [potion of mutation]
 17383 | Lair:3   | Lost mutation: Your system is resistant to poisons. (rPois)
                  | [potion of mutation]
 17383 | Lair:3   | Lost mutation: You have large cloven feet. [potion of
                  | mutation]
 17383 | Lair:3   | Gained mutation: You possess an exceptional clarity of
                  | mind. [potion of mutation]
 17383 | Lair:3   | Gained mutation: Your magical capacity is low. (-10% MP)
                  | [potion of mutation]
 17491 | Lair:4   | Received a gift from Nemelex Xobeh
 17872 | Lair:4   | Mangled by a komodo dragon

Illustrated notes

Levels and vault maps discovered:
D:1:      scummos_arrival_gate, layout_basic, nicolae_ecumenical_snake_handling,
          minmay_heptomino_l4
D:2:      layout_loops_cross, serial_shops, nicolae_shop_behind_doors,
          serial_forest, infiniplex_forest_clump_double,
          infiniplex_forest_clump_C, infiniplex_forest_clump_long,
          infiniplex_forest_lined_room_2, infiniplex_forest_lined_room_2,
          infiniplex_forest_clump_small, uniq_natasha, uniq_sigmund
D:3:      layout_rooms, chequers_serial_rivers_marsh, minmay_diced_spiral
D:4:      kennysheep_six_static_rooms, layout_loops_ring,
          grunt_temple_overflow_opulence, amethyst_overflow_temple_binary,
          serial_shops, shop, hangedman_abyss_or_decor_stabs, uniq_eustachio,
          uniq_edmund
D:5:      layout_basic, serial_shops, shop
D:6:      layout_rooms, mainiacjoe_overflow_alcove_1, uniq_menkaure
D:7:      minmay_blocky_corners, layout_basic,
          nicolae_overflow_hallway_of_the_gods, minmay_temple_entry_offerings,
          hex_tiny
D:8:      layout_cave_pools, lair_entry_dummy
D:9:      layout_loops_ring
D:10:     layout_cave_pools, serial_shops, nicolae_shop_crystal, st_stairs_11,
          chequers_serial_rivers_room_b
D:11:     layout_rooms, david_orc_2, serial_undead, serial_undead_a,
          serial_undead_b, serial_undead_e, serial_undead_f, serial_undead_e,
          serial_undead_c, serial_shops, kennysheep_mini_moat,
          nicolae_two_hexagons, uniq_erica
D:12:     layout_grid_maze
Lair:1:   layout_small_grid, grunt_forest_small_clearings, grunt_megastairs_4
Lair:2:   layout_cave_shapes, enter_volcano_1, infiniplex_staircase_pool,
          uniq_harold
Lair:3:   layout_misc_corridors, minmay_shoals_entry_beasts,
          nicolae_spider_entry_non_spiders, uniq_amaemon
Lair:4:   layout_roguey, dpeg_slime_entry_corner, st_stairs_8

Skill      XL: |  1  2  3  4  5  6  7  8  9 10 11 12 13 |
---------------+----------------------------------------+-----
Short Blades   | 2 3 4 5 6 8 9 |  9.7
Stealth        | 5 6 7 8 9 10 | 10.8
Dodging        | 2 3 4 6 7 8 9 |  9.4
Armour         | 1 2 3 5 6 7 |  7.4
Throwing       | 1 2 3 5 6 7 9 |  9.9
Fighting       | 4 5 6 7 8 |  8.3
Shields        | 1 3 4 5 6 |  6.1
Axes           | 3 |  3.2

Action                   |  1- 3 |  4- 6 |  7- 9 | 10-12 | 13-15 || total
-------------------------+-------+-------+-------+-------+-------++-------
Melee: Short sword       |    79 |    92 |       |       |       ||   171
       Headbutt          |    14 |    30 |    71 |   162 |    56 ||   333
       Punch             |       |     1 |     2 |       |       ||     3
       Dagger            |       |    61 |   237 |   654 |    85 ||  1037
       Hand axe          |       |       |       |       |    96 ||    96
Throw: Dart              |       |     8 |    11 |    11 |     5 ||    35
       Boomerang         |       |       |    15 |       |       ||    15
Invok: Deal Four         |       |       |       |     1 |       ||     1
       Draw Destruction  |       |       |       |       |     7 ||     7
       Draw Summoning    |       |       |       |       |     5 ||     5
       Draw Escape       |       |       |       |       |     1 ||     1
Evoke: Box of beasts     |       |       |       |       |     1 ||     1
  Use: Potion            |     1 |       |     5 |       |     5 ||    11
       Scroll            |       |     6 |     5 |     9 |     5 ||    25
 Stab: Sleeping          |     6 |    10 |     9 |    16 |     3 ||    44
       Distracted        |       |     1 |       |       |       ||     1
Armor: Leather armour    |    15 |       |       |       |       ||    15
       Ring mail         |    11 |    51 |    76 |   185 |     6 ||   329
       Chain mail        |       |       |       |       |   126 ||   126
Dodge: Dodged            |    76 |    87 |   100 |   301 |   178 ||   742
Block: Orb               |       |       |    30 |   105 |    54 ||   189
       Reflection        |       |       |       |     5 |       ||     5
